 Dungeon Crawl Stone Soup version 0.24.0-123-gd5b16e6ec5 (webtiles) character file.

Game seed: 2169510321016865369, levelgen mode: deterministic

365 sagitran the Poker (level 6, -9/47 HPs)
             Began as a Merfolk Gladiator on Dec 24, 2019.
             Mangled by an ogre
             ... wielding a +0 giant club
              (16 damage)
             ... on level 4 of the Dungeon.
             The game lasted 00:12:27 (2948 turns).

sagitran the Poker (Merfolk Gladiator)              Turns: 2948, Time: 00:12:28

Health: -9/47      AC:  4    Str: 15    XL:     6   Next: 68%
Magic:  6/6        EV: 15    Int:  7    God:
Gold:   230        SH:  0    Dex: 17    Spells: 5/5 levels left

rFire    . . .     SeeInvis .   a - +0 trident
rCold    . . .     Gourm    .   (no shield)
rNeg     . . .     Faith    .   b - +0 leather armour
rPois    .         Spirit   .   c - +0 helmet
rElec    .         Reflect  .   j - scarf {repulsion}
rCorr    .         Harm     .   (no gloves)
MR       +....                  (no boots)
Stlth    +++.......             (no amulet)
HPRegen  0.15/turn              o - ring of protection from magic
MPRegen  0.10/turn              r - ring of stealth

@: hasted, repel missiles, very quick
A: change form in water, swift swim, stealthy swim
a: no special abilities


You were on level 4 of the Dungeon.
You were very hungry.

You visited 1 branch of the dungeon, and saw 4 of its levels.

You collected 230 gold pieces.

Inventory:

Hand Weapons
 a - a +0 trident (weapon)
Missiles
 d - 3 throwing nets (quivered)
Armour
 b - a +0 leather armour (worn)
 c - a +0 helmet (worn)
 j - a scarf of repulsion (worn)
 q - a scarf of resistance
Jewellery
 o - a ring of protection from magic (left hand)
 r - a ring of stealth (right hand)
Scrolls
 e - 5 scrolls of teleportation
 h - 3 scrolls of blinking {unknown}
 i - 2 scrolls of identify {unknown}
 m - a scroll of fog {unknown}
 n - a scroll of remove curse {unknown}
 s - a scroll of fear {unknown}
Potions
 p - a potion of ambrosia {unknown}
Comestibles
 f - 4 rations


   Skills:
 + Level 3.5 Fighting
 + Level 7.7 Polearms
 + Level 2.0 Throwing
 + Level 1.6 Armour
 + Level 5.2 Dodging
 + Level 1.5 Stealth


You had 5 spell levels left.
You didn't know any spells.
Your spell library was empty.

Dungeon Overview and Level Annotations

Branches:
Dungeon (4/15)             Temple (0/1) D:4

Altars:
Elyvilon
Qazlal
Ru
Sif Muna
Xom


Message History

The ogre is heavily wounded.
The orc barely misses you.
It was a potion of cancellation.
You feel magically purged. The ogre barely misses you.
The orc barely misses you.
It was a potion of haste.
You feel yourself speed up. The ogre hits you with a +0 giant club!
* * * LOW HITPOINT WARNING * * *
The orc closely misses you.
You hit the ogre.
The ogre is severely wounded.
You hit the ogre.
The ogre is severely wounded.
The ogre completely misses you. The orc hits you.
* * * LOW HITPOINT WARNING * * *
You barely miss the ogre.
The ogre is severely wounded.
You feel better. The orc hits you.
* * * LOW HITPOINT WARNING * * *
The ogre hits you with a +0 giant club!
You die...

.......#### .# .#
###..#..# ####.##l#
#.##..####.#.....# .
#.##...#.........# .#
##..##.............##..
....##..........# ...# ..
#........)## ...## .##
#.......#lo##....###
..####......###O@.....#.#
..........#####..........
#............##.........##
#........#........##.#....
..###...####.###.....##...
#..##.##.# #.# ##....#..#
#..#.....###.## #.......##
...............##........#
#...............#.......#


You could see an ogre, an orc and a frilled lizard.

Vanquished Creatures
  A phantom (D:3)
  A crimson imp (D:3)
  A worker ant (D:3)
  A hound skeleton (D:3)
  Robin (D:2)
  4 gnolls (D:2)
  2 adders (D:2)
  An ooze (D:1)
  4 worms
  2 dart slugs
  5 leopard geckos
  4 orcs
  4 bats
  13 giant cockroaches
  12 goblins
  18 hobgoblins
  5 jackals
  8 kobolds
  4 quokkas
  3 ball pythons
  2 frilled lizards (D:3)
  10 rats
106 creatures vanquished.

Notes
Turn   | Place    | Note
-------+----------+-------------------------------------------
     0 | D:1      | sagitran the Merfolk Gladiator began the quest for the Orb.
     0 | D:1      | Reached XP level 1. HP: 16/16 MP: 1/1
    46 | D:1      | Reached XP level 2. HP: 15/22 MP: 2/2
   111 | D:1      | HP: 1/22 [hobgoblin (1)]
   560 | D:1      | Reached XP level 3. HP: 25/28 MP: 3/3
   593 | D:1      | Reached skill level 5 in Polearms
   937 | D:2      | Found a shimmering altar of Xom.
   969 | D:2      | Reached XP level 4. HP: 34/34 MP: 4/4
  1019 | D:2      | Found a sacrificial altar of Ru.
  1073 | D:2      | Reached skill level 1 in Armour
  1074 | D:2      | Reached skill level 1 in Stealth
  1083 | D:2      | Reached skill level 6 in Polearms
  1210 | D:2      | Noticed Robin
  1216 | D:2      | Reached XP level 5. HP: 40/40 MP: 5/5
  1590 | D:2      | Killed Robin
  1770 | D:3      | Reached skill level 5 in Dodging
  1826 | D:3      | Found a white marble altar of Elyvilon.
  1826 | D:3      | Found a stormy altar of Qazlal.
  1827 | D:3      | Found a shimmering blue altar of Sif Muna.
  2409 | D:3      | Reached skill level 7 in Polearms
  2409 | D:3      | Reached XP level 6. HP: 36/47 MP: 6/6
  2469 | D:4      | Found a staircase to the Ecumenical Temple.
  2485 | D:4      | Noticed a phantom
  2665 | D:3      | Killed a phantom
  2946 | D:4      | HP: 2/47 [orc (5)]
  2948 | D:4      | Mangled by an ogre

Levels and vault maps discovered:
D:1:      lemuel_arrival_cross, layout_basic, minmay_tetromino_l2
D:2:      minmay_roachtagon, layout_rooms, lemuel_round_altar,
          hangedman_ru_absence, uniq_robin
D:3:      layout_basic, gammafunk_temple_overflow_forgotten
D:4:      layout_cave_pools, lemuel_coloured_pillars_altar,
          minmay_temple_entry_sparse_star, first_ration

Skill      XL: |  1  2  3  4  5 |
---------------+----------------+-----
Polearms       | 5 6 7 |  7.7
Armour         | 1 |  1.6
Stealth        | 1 |  1.5
Fighting       | 3 |  3.5
Dodging        | 5 |  5.2
Throwing       | |  2.0

Action                   |  1- 3 |  4- 6 || total
-------------------------+-------+-------++-------
Melee: Trident           |   125 |   275 ||   400
Throw: Throwing net      |       |     1 ||     1
  Use: Potion            |       |     4 ||     4
       Scroll            |       |     1 ||     1
 Stab: Sleeping          |     2 |     3 ||     5
  Eat: Chunk             |       |     6 ||     6
Armor: Leather armour    |    26 |    62 ||    88
Dodge: Dodged            |    92 |   239 ||   331
